 Dungeon Crawl Stone Soup version 0.32-a0-960-g3814254bd7 (webtiles) character file.

Game seed: 16890628992681462962

9 Dirtsage the Apothecary (level 2, 0/19 HPs)
             Began as a Demonspawn Alchemist on Apr 17, 2024.
             Slain by a gnoll
             ... wielding a +0 spear
              (3 damage)
             ... on level 2 of the Dungeon.
             The game lasted 00:00:42 (272 turns).

Dirtsage the Apothecary (Demonspawn Alchemist)       Turns: 272, Time: 00:00:42

Health: 0/19       AC:  2    Str:  8    XL:     2   Next: 6%
Magic:  4/5        EV: 11    Int: 15    God:
Gold:   3          SH:  0    Dex: 13    Spells: 4/5 levels left

rFire   . . .        (no weapon)
rCold   . . .        (no shield)
rNeg    . . .        a - +0 robe
rPois   .            (helmet restricted)
rElec   .            (no cloak)
rCorr   .            (no gloves)
SInv    .            (no boots)
Will    .....        (no amulet)
Stlth   ++           (no ring)
HPRegen 0.23/turn    (no ring)
MPRegen 0.09/turn

%: no passive effects
@: no status effects
A: antennae 1
a: no special abilities


You were on level 2 of the Dungeon.
You visited 1 branch of the dungeon, and saw 2 of its levels.

You collected 3 gold pieces.

Inventory:

Armour
 a - a +0 robe (worn)
Potions
 b - a potion of magic


   Skills:
 - Level 1.7 Dodging
 - Level 1.7 Stealth
 - Level 2.0 Spellcasting
 - Level 1.0 Conjurations
 + Level 3.6 Alchemy


You had 4 spell levels left.
You knew the following spells:

 Your Spells              Type           Power      Damage    Failure   Level
a - Sting                 Conj/Alch      32%        1d5       9%          1

Your spell library contained the following spells:

 Spells                   Type           Power      Damage    Failure   Level
 Mercury Vapours          Alch/Air       12%        N/A       16%         2
 Mephitic Cloud           Conj/Alch/Air  6%         N/A       34%         3
 Olgreb's Toxic Radiance  Alch           12%        N/A       45%         4
 Sticky Flame             Fire/Alch      6%         2d4       71%         4


Dungeon Overview and Level Annotations

Branches:
Dungeon (1/15)

Altars:


Innate Abilities, Weirdness & Mutations

You have a pair of small antennae on your head.


Message History

MP restored: 5 A gnoll comes into view. It is wielding a +0 halberd.
Casting: Sting (safe; 9% risk of failure)
Confirm with . or Enter, or press ? or * to list all spells.
Aiming: Sting (safe; 9% risk of failure)
Press: ? - help, Shift-Dir - straight line, f - you
Okay, then.
The gnoll shouts!
You hear a shout! x2
A gnoll comes into view. It is wielding a +0 whip.
Casting: Sting (safe; 9% risk of failure)
Confirm with . or Enter, or press ? or * to list all spells.
Aiming: Sting (safe; 9% risk of failure)
Press: ? - help, Shift-Dir - straight line, f - gnoll
Aim: a gnoll, wielding a +0 spear (72% to hit)
You miscast Sting.
You are very lightly contaminated with residual magic.
Nothing appears to happen.
You now have 4/5 mp.
Casting: Sting (safe; 9% risk of failure)
Confirm with . or Enter, or press ? or * to list all spells.
Aiming: Sting (safe; 9% risk of failure)
Press: ? - help, Shift-Dir - straight line, f/p - gnoll
Aim: a gnoll, wielding a +0 spear (72% to hit)
The sting hits the gnoll.
The gnoll is poisoned.
The gnoll is moderately wounded.
You now have 3/5 mp.
The gnoll attacks as it pursues you!
The gnoll hits you from afar with a +0 spear!
You take 8 damage, and have 11/19 hp.
MASSIVE DAMAGE!!
The gnoll attacks as it pursues you!
The gnoll hits you from afar with a +0 spear.
You take 3 damage, and have 8/19 hp.
The gnoll looks more healthy.
The gnoll attacks as it pursues you!
The gnoll hits you from afar with a +0 spear!
* * * LOW HITPOINT WARNING * * *
Your magical contamination has completely faded away.
You take 7 damage, and have 1/19 hp.
MASSIVE DAMAGE!!
The gnoll attacks as it pursues you!
The gnoll hits you from afar with a +0 spear.
You die...

#..# #..# #..# ###
#..# ..## #..# .
..# #..###....
###.#####.........
#...#...#.####....
#..@....#.# .
#.......#.#
#..g......#
###.....#####
######...g.>##
.......#...##
#.......g##
#........#
#........#


You could see 3 gnolls.

Vanquished Creatures
  2 ball pythons (D:1)
  An endoplasm (D:2)
  A goblin (D:1)
  2 hobgoblins (D:1)
  A bat (D:1)
  A frilled lizard (D:1)
8 creatures vanquished.

Notes
Turn   | Place    | Note
-------+----------+-------------------------------------------
     0 | D:1      | Dirtsage the Demonspawn Alchemist began the quest for the
                  | Orb.
     0 | D:1      | Reached XP level 1. HP: 13/13 MP: 3/3
   179 | D:1      | Gained mutation: You have a pair of small antennae on your
                  | head. [demonic ancestry]
   179 | D:1      | Reached XP level 2. HP: 19/19 MP: 3/5
   201 | D:1      | You fall into a shaft and drop 1 floor!
   272 | D:2      | Slain by a gnoll

Illustrated notes

Levels and vault maps discovered:
D:1:      psy_arrival_fountain, layout_basic, grunt_decor_resistance,
          corexii_item_surrounded_by_moat, minmay_lizard_king
D:2:      layout_basic, hellmonk_ecumenical_altar_blasted

Action                     || total
---------------------------++-------
  Melee: Unarmed           ||     2
   Cast: Sting             ||    12
 Armour: Robe              ||     8
  Dodge: Dodged            ||     6

Table legend: (Time is in decaauts)
 A = Elapsed time spent in this place.
 B = Non-inter-level travel time spent in this place.
 C = Inter-level travel time spent in this place.
 D = Time resting spent in this place.
 E = Time spent auto-exploring this place.
 F = Levels seen in this place.
 G = Mean time per level.
                   A        B        C        D        E       F      G
               +--------+--------+--------+--------+--------+-----+--------+
         Total |    271 |    271 |      0 |      0 |    200 |   2 |  135.5 |
       Dungeon |    271 |    271 |      0 |      0 |    200 |   2 |  135.5 |
               +--------+--------+--------+--------+--------+-----+--------+

Top non-repeatable levels by time:
     D:1: 201 daAuts
     D:2: 70 daAuts
